 Dungeon Crawl Stone Soup version 0.29.1-13-g9f3cf754e1 (webtiles) character file.

Game seed: 17708339310032007844

157 croobank the Trooper (level 5, -7/36 HPs)
             Began as an Octopode Transmuter on Jan 25, 2023.
             Killed from afar by an orc wizard (10 damage)
             ... with a puff of flame
             ... on level 3 of the Dungeon on Jan 26, 2023.
             The game lasted 00:11:09 (3793 turns).

croobank the Trooper (Octopode Transmuter)          Turns: 3793, Time: 00:11:09

Health: -7/36      AC:  1    Str:  9    XL:     5   Next: 38%
Magic:  7/8        EV: 13    Int: 17    God:
Gold:   104        SH:  0    Dex: 13    Spells: 2/8 levels left

rFire   . . .      SeeInvis .   h - +0 short sword
rCold   . . .      Faith    .   (no shield)
rNeg    . . .      Spirit   .   (helmet restricted)
rPois   .          Reflect  .   (no amulet)
rElec   .          Harm     .   (no ring)
rCorr   .          Rampage  .   (no ring)
Will    .....                   (no ring)
Stlth   +++.......              (no ring)
HPRegen 0.12/turn               (no ring)
MPRegen 0.11/turn               (no ring)
                                (no ring)
                                (no ring)

@: wereblooded (expiring), hasted, very quick
A: almost no armour, amphibious, 8 rings, camouflage 1, gelatinous body 1,
(nimble swimmer 1), tentacles
a: no special abilities


You were on level 3 of the Dungeon.
You visited 1 branch of the dungeon, and saw 3 of its levels.

You collected 104 gold pieces.

Inventory:

Hand Weapons
 a - a +0 flail
 h - a +0 short sword (weapon)
 r - a +1 dagger of flaming
Missiles
 c - 2 poisoned darts
Armour
 b - the +2 shield of Resistance {rF++ rC++ Will++}
   (You acquired it on level 2 of the Dungeon)

   rF:        It greatly protects you from fire.
   rC:        It greatly protects you from cold.
   Will:      It greatly increases your willpower.
Scrolls
 d - 2 scrolls of teleportation {unknown}
 e - a scroll of magic mapping {unknown}
 f - 2 scrolls of identify {unknown}
 g - 2 scrolls of amnesia {unknown}
 i - a scroll of torment {unknown}
 l - a scroll of enchant armour {unknown}
 n - 2 scrolls of fear {unknown}
 p - a scroll of enchant weapon {unknown}
Potions
 k - 2 potions of heal wounds
 m - a potion of might {unknown}
 o - a potion of berserk rage {unknown}
 q - a potion of haste


   Skills:
 + Level 3.2 Fighting
 + Level 2.5 Dodging
 + Level 1.4 Stealth
 * Level 1.0 Shields
 - Level 3.1 Unarmed Combat
 + Level 2.4 Spellcasting
 + Level 2.6 Transmutations
 + Level 1.1 Poison Magic


You had 2 spell levels left.
You knew the following spells:

 Your Spells              Type           Power      Damage    Failure   Level
a - Beastly Appendage     Tmut           20%        N/A       6%          1
b - Wereblood             Tmut           10%        N/A       10%         2
c - Spider Form           Tmut/Pois      8%         N/A       26%         3

Your spell library contained the following spells:

 Spells                   Type           Power      Damage    Failure   Level
 Apportation              Tloc           4%         N/A       19%         1
 Necrotise                Necr           8%         1d4       19%         1
 Summon Small Mammal      Summ           8%         N/A       19%         1
 Ice Form                 Ice/Tmut       6%         N/A       71%         4


Dungeon Overview and Level Annotations

Branches:
Dungeon (3/15)

Altars:

Shops:
D:3 [

Annotations:
D:2 1 runed translucent door, Crazy Yiuf, Terence


Innate Abilities, Weirdness & Mutations

You cannot wear most types of armour.
You are amphibious.
You can wear up to eight rings at the same time.
Your skin changes colour to match your surroundings (Stealth+).
Your rubbery body absorbs attacks. (AC +1, EV +1)
((You are camouflaged when in or above water. (Stealth+)))
You have tentacles for arms and can constrict up to eight enemies at once.


Message History

The orc wizard flickers and vanishes!
Deactivating autopickup; reactivate with Ctrl-A.
You bump into the rock wall.
A frilled lizard comes into view.
The gnoll closely misses you. The ball python bites you.
The ball python completely misses you.
You are too confused!
Unknown command.
It was a potion of haste.
You feel yourself speed up.
Your tentacle spike disappears.
The gnoll hits you from afar with a +0 halberd!
* * * LOW HITPOINT WARNING * * *
The ball python barely misses you. The ball python closely misses you.
Okay, then.
You hit the ball python.
The ball python is severely wounded.
The ball python closely misses you. The ball python grabs you.
The ball python constricts you.
* * * LOW HITPOINT WARNING * * *
A gnoll comes into view. It is wielding a +0 halberd.
The hobgoblin completely misses you. The gnoll closely misses you.
You're too confused to move!
You feel less confused. The ball python barely misses you.
The ball python constricts you.
* * * LOW HITPOINT WARNING * * *
The hobgoblin closely misses you.
The gnoll hits you from afar with a +0 halberd.
* * * LOW HITPOINT WARNING * * *
You closely miss the ball python.
The gnoll shouts!
You grab the ball python. You squeeze the ball python.
You feel a bit better.
You kill the ball python!
You howl as the wereblood boils in your veins!
The orc hits you with a +0 dagger.
* * * LOW HITPOINT WARNING * * *
The gnoll misses you. The hobgoblin barely misses you.
You hear some strange, mumbled words.
A puff of flame appears from out of thin air!
The puff of flame hits you!
You die...

............
.#..........#.#
..g#........#.#
...............
#...........# ...
###.l......# .
....######....gg{..##...
.##........####g†o.....>..#
.##......# ##@.###.....#
.........# #..[# .....
##.......# #)#.# ...#
.........# #.#.##....#
###..)...## #.$..#....#
..........########....##.#
###................).[...#
#......############.####
######## #


You could see 3 gnolls, an orc, a hobgoblin and a frilled lizard.

Vanquished Creatures
  A scorpion (D:3)
  Robin (D:2)
  3 gnolls (D:2)
  A worm (D:2)
  2 dart slugs (D:1)
  An orc (D:3)
  4 ball pythons
  8 bats
  7 endoplasms
  2 giant cockroaches
  3 goblins (D:2)
  7 hobgoblins
  3 quokkas (D:1)
  3 frilled lizards (D:1)
  7 kobolds
  A rat (D:2)
54 creatures vanquished.

Notes
Turn   | Place    | Note
-------+----------+-------------------------------------------
     0 | D:1      | croobank the Octopode Transmuter began the quest for the
                  | Orb.
     0 | D:1      | Reached XP level 1. HP: 13/13 MP: 3/3
    67 | D:1      | You fall into a shaft and drop 1 floor!
   256 | D:2      | Noticed Robin
   374 | D:1      | Reached XP level 2. HP: 16/18 MP: 3/5
   496 | D:1      | Learned a level 2 spell: Wereblood
   970 | D:1      | Reached XP level 3. HP: 24/24 MP: 2/6
  2302 | D:2      | Learned a level 3 spell: Spider Form
  2369 | D:2      | Reached XP level 4. HP: 31/31 MP: 7/7
  2727 | D:2      | Noticed Terence
  2908 | D:2      | Found a runed translucent door.
  2909 | D:2      | Noticed Crazy Yiuf
  2984 | D:2      | Identified a scroll of acquirement
  2984 | D:2      | Acquired the +2 shield of Resistance {rF++ rC++ Will++}
  2984 | D:2      | Found the +2 shield of Resistance {rF++ rC++ Will++}
  3003 | D:2      | Killed Robin
  3004 | D:2      | Reached skill level 1 in Stealth
  3693 | D:3      | Found Iradava's Armour Shop.
  3733 | D:3      | Noticed a scorpion
  3740 | D:3      | Killed a scorpion
  3741 | D:3      | Reached skill level 1 in Shields
  3741 | D:3      | Reached skill level 1 in Poison Magic
  3741 | D:3      | Reached XP level 5. HP: 32/36 MP: 4/8
  3793 | D:3      | Killed from afar by an orc wizard

Illustrated notes

Levels and vault maps discovered:
D:1:      shiori_arrival_elements, layout_loops_corners
D:2:      layout_basic, uniq_terence, uniq_robin, uniq_crazy_yiuf_cottage
D:3:      layout_rooms, serial_shops, shop, uniq_natasha

Skill      XL: |  1  2  3  4 |
---------------+-------------+-----
Fighting       | 2 3 |  3.2
Stealth        | 1 |  1.4
Shields        | 1 |  1.0
Poison Magic   | 1 |  1.1
Dodging        | |  2.5
Unarmed Combat | |  3.1
Spellcasting   | |  2.4
Transmutations | |  2.6

Action                   |  1- 3 |  4- 6 || total
-------------------------+-------+-------++-------
Melee: Unarmed           |    32 |     1 ||    33
       Constrict         |    24 |    11 ||    35
       Tentacles         |    13 |    10 ||    23
       Kick              |    19 |    17 ||    36
       Short sword       |    60 |    39 ||    99
       Punch             |     1 |       ||     1
 Cast: Beastly Appendage |    26 |     7 ||    33
       Wereblood         |    18 |     6 ||    24
       Spider Form       |       |     1 ||     1
  Use: Potion            |     4 |     1 ||     5
       Scroll            |       |     2 ||     2
 Stab: Sleeping          |     8 |       ||     8
Armor: Skin              |    31 |     6 ||    37
Dodge: Dodged            |    45 |    31 ||    76
